 Dungeon Crawl Stone Soup version 0.30-a0-364-gf6b3ef1049 (webtiles) character file.

Game seed: 16255742355749004132

649 Raultor the Changer (level 7, -4/47 HPs)
             Began as an Octopode Transmuter on Nov 15, 2022.
             Was an Initiate of Ashenzari.
             Slain by a lemure (8 damage)
             ... led by Pikel
             ... on level 5 of the Dungeon.
             The game lasted 00:24:28 (4249 turns).

Raultor the Changer (Octopode Transmuter)           Turns: 4249, Time: 00:24:29

Health: -4/47      AC:  1    Str: 11    XL:     7   Next: 53%
Magic:  9/12       EV: 13    Int: 21    God:    Ashenzari [......]
Gold:   273        SH:  0    Dex: 13    Spells: 3/13 levels left

rFire   + . .      SeeInvis .    j - +8 hand axe "Woen" {venom, rF+ rC+ Will+}
rCold   + . .      Faith    .    (no shield)
rNeg    . . .      Spirit   .    (helmet currently unavailable)
rPois   .          Reflect  .    (no amulet)
rElec   .          Harm     .    I - ring of the Profound Oracle {Int+6, Comp, Self} (curse)
rCorr   .          Rampage  .    (no ring)
Will    +....                    (no ring)
Stlth   ++........               (no ring)
HPRegen 0.27/turn                (no ring)
MPRegen 0.13/turn                (no ring)
                                 (no ring)
                                 (no ring)

@: appendages, wereblooded
A: tentacle spike 3, almost no armour, amphibious, 8 rings, camouflage 1,
gelatinous body 1, (nimble swimmer 1), tentacles, subdued magic 1
a: End Transformation, Renounce Religion, Shatter the Chains


You were on level 5 of the Dungeon.
You worshipped Ashenzari.
Ashenzari was noncommittal.
One of your tentacles had grown a beastly spike.
You visited 2 branches of the dungeon, and saw 7 of its levels.
You also visited: Ossuary.

You collected 329 gold pieces.
You spent 56 gold pieces at shops.


Innate Abilities, Weirdness & Mutations

One of your tentacles has grown a beastly spike.
You cannot wear most types of armour.
You are amphibious.
You can wear up to eight rings at the same time.
Your skin changes colour to match your surroundings (Stealth+).
Your rubbery body absorbs attacks. (AC +1, EV +1)
((You are camouflaged when in or above water. (Stealth+)))
You have tentacles for arms and can constrict up to eight enemies at once.
Your spells are a little easier to cast, but a little less powerful.


   Skills:
 + Level 3.3(3.7) Fighting
 - Level 2.0 Dodging
 + Level 4.5 Unarmed Combat
 + Level 3.3(3.7) Spellcasting
 * Level 5.2 Transmutations
 + Level 1.4 Ice Magic
 + Level 1.8 Poison Magic


You had 3 spell levels left.
You knew the following spells:

 Your Spells              Type           Power      Damage    Failure   Level
b - Beastly Appendage     Tmut           38%        N/A       1%          1
c - Ice Form              Ice/Tmut       13%        N/A       26%         4
s - Spider Form           Tmut/Pois      14%        N/A       7%          3
w - Wereblood             Tmut           19%        N/A       1%          2

Your spell library contained the following spells:

 Spells                   Type           Power      Damage    Failure   Level
 Poisonous Vapours        Pois/Air       12%        N/A       11%         2
 Cigotuvi's Dreadful Rot  Necr/Pois/Air  10%        N/A       12%         2
 Mephitic Cloud           Conj/Pois/Air  5%         N/A       24%         3

Inventory:

Hand Weapons
 j - the +8 hand axe "Woen" (weapon) {venom, rF+ rC+ Will+}
   (You found it on level 2 of the Dungeon)

   It poisons the flesh of those it strikes.
   rF:        It protects you from fire.
   rC:        It protects you from cold.
   Will:      It increases your willpower.
Missiles
 u - a throwing net {=f}
Jewellery
 F - a ring of fire
 I - the cursed ring of the Profound Oracle (left tentacle) {Int+6, Comp, Self}
   (You found it on level 6 of the Dungeon)

   [ring of intelligence]

   Int:       It affects your intelligence (+6).
   It has a curse which improves the following skills: Companions: Summonings
   and Necromancy.
   Introspection: Fighting and Spellcasting.
Wands
 k - a wand of quicksilver (5)
 q - a wand of mindburst (8)
Scrolls
 c - 2 scrolls of enchant armour {unknown}
 e - 3 scrolls of teleportation {unknown}
 i - 3 scrolls of amnesia {unknown}
 m - a scroll of noise {unknown}
 r - a scroll of summoning {unknown}
 s - 4 scrolls of immolation {unknown}
 t - 2 scrolls of identify {@r1}
Potions
 a - 2 potions of lignification
 b - a potion of flight
 d - a potion of invisibility
 f - a potion of curing {unknown}
 g - 5 potions of resistance
 h - a potion of cancellation {unknown}
 l - 5 potions of haste {@q3}
 n - a potion of mutation
 o - 3 potions of might
 p - a potion of degeneration {unknown}

Dungeon Overview and Level Annotations

Branches:
Dungeon (6/15)             Temple (1/1) D:6         Ossuary (visited)

Altars:
Ashenzari
Cheibriados
Fedhas
Gozag
Kikubaaqudgha
Makhleb
Nemelex Xobeh
Okawaru
Ru
Sif Muna
Trog
Uskayaw
Wu Jian
Yredelemnul
The Shining One

Shops:
D:3 *   D:4 [

Annotations:
D:5 Pikel

.. .#######
....... #
#.....#
#.#...$.#
.......#+#####
#...5.......
#..@K.5..###
#...55......
######......
####.


You could see Pikel (very poisoned) and 4 lemures.


Message History

The lemure is lightly wounded.
You completely miss the lemure. You constrict the lemure. The lemure hits you!
The lemure escapes!
You slash the lemure! Your grab misses the lemure.
You pierce the lemure, but do no damage.
You squeeze the lemure.
The lemure is severely wounded.
You hit the lemure. The lemure hits you! The lemure closely misses you.
You closely miss the lemure. Your grab misses the lemure.
You pierce the lemure.
Your tentacle-slap misses the lemure.
The lemure is lightly wounded.
You hit the lemure but do no damage.
The lemure looks as sick as possible!
You hit the lemure but do no damage.
The lemure is poisoned.
The lemure completely misses you. The lemure closely misses you.
You slash Pikel!
Pikel is poisoned.
Your grab misses Pikel.
Pikel is moderately wounded.
You miss the lemure. You hit the lemure.
The lemure looks even sicker.
The lemure hits you. The lemure closely misses you. The lemure hits you!
* * * LOW HITPOINT WARNING * * *
The lemure barely misses you.
Pikel hits you with a +1 whip of freezing.
* * * LOW HITPOINT WARNING * * *
Pikel attacks as you move away!
Pikel hits you with a +1 whip of freezing!
* * * LOW HITPOINT WARNING * * *
Pikel freezes you.
* * * LOW HITPOINT WARNING * * *
The lemure closely misses you. The lemure attacks as you move away!
The lemure hits you!
You die...

Skill      XL: |  1  2  3  4  5  6  7 |
---------------+----------------------+-----
Transmutations | 3 4 5 |  5.2
Fighting       | 2 3 |  3.3
Unarmed Combat | 4 |  4.5
Spellcasting   | 3 |  3.3
Poison Magic   | 1 |  1.8
Ice Magic      | 1 |  1.4
Dodging        | |  2.0

Action                   |  1- 3 |  4- 6 |  7- 9 || total
-------------------------+-------+-------+-------++-------
Melee: Unarmed           |    71 |       |     1 ||    72
       Constrict         |    17 |    32 |     7 ||    56
       Tentacles         |    16 |    20 |     5 ||    41
       Kick              |     1 |    22 |     3 ||    26
       Punch             |     1 |     3 |       ||     4
       Hand axe          |    13 |   125 |    20 ||   158
 Cast: Beastly Appendage |     4 |    11 |     3 ||    18
       Wereblood         |     3 |    10 |     3 ||    16
       Spider Form       |       |       |     1 ||     1
Invok: Curse Item        |       |       |     1 ||     1
  Use: Scroll            |     2 |       |       ||     2
       Potion            |       |     2 |     2 ||     4
 Stab: Sleeping          |     7 |     3 |     1 ||    11
       Distracted        |       |     1 |     1 ||     2
Armor: Skin              |     8 |     4 |     3 ||    15
Dodge: Dodged            |    44 |    66 |    32 ||   142

Levels and vault maps discovered:
D:1:      lightli_arrival_maybe_door_vault, layout_loops_ring
D:2:      layout_basic, basic_altar, serial_curves, eino_curves_01,
          eino_curves_01, eino_curves_02, eino_curves_04,
          uniq_crazy_yiuf_cottage
D:3:      layout_basic, mainiacjoe_overflow_catwalk,
          ebering_ecumenical_altar_rust, serial_shops, nicolae_shop_hallway_plus
D:4:      layout_basic, serial_shops, shop, enter_ossuary_4
D:5:      layout_basic, uniq_edmund, uniq_pikel
D:6:      layout_basic, lemuel_coloured_pillars_altar,
          ashenzari_conservatory_becter, minmay_temple_entry_hall,
          due_unseen_surprise
Temple:   hellmonk_temple_forest_ring

Notes
Turn   | Place    | Note
-------+----------+-------------------------------------------
     0 | D:1      | Raultor the Octopode Transmuter began the quest for the
                  | Orb.
     0 | D:1      | Reached XP level 1. HP: 13/13 MP: 3/3
    97 | D:1      | Reached XP level 2. HP: 18/18 MP: 5/5
   100 | D:1      | Learned a level 2 spell: Wereblood
   367 | D:1      | Reached XP level 3. HP: 17/23 MP: 6/6
   713 | D:2      | Reached skill level 3 in Transmutations
   850 | D:2      | Identified the +8 hand axe "Woen" {venom, rF+ rC+ Will+}
   951 | D:2      | Found a runed translucent door.
   952 | D:2      | Noticed Crazy Yiuf
   957 | D:2      | Killed Crazy Yiuf
   958 | D:2      | Reached XP level 4. HP: 21/29 MP: 7/7
  1004 | D:2      | Found a basalt altar of Yredelemnul.
  1090 | D:2      | Reached skill level 2 in Fighting
  1509 | D:3      | Found a faded altar of an unknown god.
  1645 | D:3      | Found Arottu Buuta's General Store.
  1650 | D:3      | Bought a potion of might for 56 gold pieces
  1695 | D:3      | Found a basalt altar of Yredelemnul.
  2139 | D:4      | Reached XP level 5. HP: 28/34 MP: 6/8
  2144 | D:4      | Learned a level 3 spell: Spider Form
  2318 | D:4      | Found a sand-covered staircase.
  2337 | Ossuary  | Entered an ossuary
  2499 | Ossuary  | Reached skill level 4 in Transmutations
  2553 | Ossuary  | Reached skill level 4 in Unarmed Combat
  2553 | Ossuary  | Reached XP level 6. HP: 41/41 MP: 7/10
  2685 | D:4      | Learned a level 4 spell: Ice Form
  2725 | D:4      | Found Maub's Antique Armour Shop.
  2948 | D:4      | Reached skill level 3 in Spellcasting
  3027 | D:5      | Entered Level 5 of the Dungeon
  3027 | D:5      | You fall into a shaft and drop 1 floor!
  3029 | D:6      | Found a broken altar of Ashenzari.
  3053 | D:6      | Became a worshipper of Ashenzari the Shackled
  3131 | D:6      | Identified 6 potions of resistance
  3144 | D:6      | Found a staircase to the Ecumenical Temple.
  3267 | D:6      | Reached skill level 3 in Fighting
  3268 | D:6      | Reached skill level 1 in Poison Magic
  3269 | D:6      | Reached XP level 7. HP: 42/46 MP: 8/11
  3316 | D:6      | Reached skill level 1 in Ice Magic
  3332 | D:6      | HP: 4/46 [gnoll/+0 halberd[a gnoll sergeant] (9)]
  3341 | D:6      | Gained mutation: Your spells are a little easier to cast,
                  | but a little less powerful. [potion of mutation]
  3380 | Temple   | Entered the Ecumenical Temple
  3636 | D:6      | Reached skill level 5 in Transmutations
  3943 | D:6      | Found an opulent altar of Gozag.
  4240 | D:5      | Noticed Pikel
  4248 | D:5      | HP: 4/47 [Pikel/+1 whip of freezing (1)]
  4249 | D:5      | Slain by a lemure

Vanquished Creatures
  A black bear (D:6)
  A gnoll sergeant (D:6)
  A scorpion (D:4)
  A hound (D:4)
  3 human zombies (Ossuary)
  A jelly (D:6)
  Crazy Yiuf (D:2)
  An iguana (D:4)
  An orc wizard (D:6)
  2 mummies (Ossuary)
  2 gnolls (D:6)
  2 adders
  3 ufetubi
  2 adder zombies (Ossuary)
  5 dart slugs
  7 orcs
  10 endoplasms
  5 giant cockroaches
  7 hobgoblins
  3 jackals (D:1)
  4 quokkas
  9 ball pythons
  8 bats
  2 frilled lizards
  4 goblins
  3 goblin zombies
  11 hobgoblin zombies (Ossuary)
  2 jackal zombies (Ossuary)
  7 kobolds
  9 kobold zombies (Ossuary)
  7 orc zombies (Ossuary)
  6 rats
  2 rat zombies
133 creatures vanquished.

Table legend: (Time is in decaauts)
 A = Elapsed time spent in this place.
 B = Non-inter-level travel time spent in this place.
 C = Inter-level travel time spent in this place.
 D = Time resting spent in this place.
 E = Time spent auto-exploring this place.
 F = Levels seen in this place.
 G = Mean time per level.
                   A        B        C        D        E       F      G
               +--------+--------+--------+--------+--------+-----+--------+
         Total |   4269 |   4131 |    138 |      2 |   2960 |   8 |  533.6 |
       Dungeon |   3687 |   3555 |    132 |      2 |   2578 |   6 |  614.5 |
        Temple |    252 |    246 |      6 |      0 |    236 |   1 |  252.0 |
       Ossuary |    328 |    328 |      0 |      0 |    146 |   1 |  328.0 |
               +--------+--------+--------+--------+--------+-----+--------+

Top non-repeatable levels by time:
     D:6: 946 daAuts
     D:2: 755 daAuts
     D:3: 672 daAuts
     D:1: 659 daAuts
     D:4: 642 daAuts
 Ossuary: 328 daAuts
  Temple: 252 daAuts
     D:5: 10 daAuts

Table legend:
 A = Non-vault XP
 B = Vault XP
 C = Vault XP percentage of total XP
 D = Non-vault monster count
 E = Vault monster count
 F = Vault count percentage of total count
                 A         B        C        D         E       F
            +---------+---------+-------+---------+---------+-------
      Total |     680 |     248 |  26.7 |      91 |      42 |  31.6
            +---------+---------+-------+---------+---------+-------
        D:1 |      48 |       0 |   0.0 |      27 |       0 |   0.0
        D:2 |      29 |      40 |  58.0 |      17 |       1 |   5.6
        D:3 |      24 |       0 |   0.0 |      13 |       0 |   0.0
        D:4 |     213 |       2 |   0.9 |      20 |       2 |   9.1
        D:6 |     366 |       0 |   0.0 |      14 |       0 |   0.0
    Ossuary |       0 |     206 | 100.0 |       0 |      39 | 100.0
            +---------+---------+-------+---------+---------+-------
